 Dungeon Sprint DCSS version 0.20.1-1-g8b1a95d (webtiles) character file.

7759 equalderp2856 the Eviscerator (level 11, -1/51 HPs)
             Began as a Felid Fighter on July 17, 2017.
             Was an Initiate of Gozag.
             Killed from afar by a hell hog (31 damage)
             ... with a fireball
             ... in the Dungeon (Sprint VII: "The Pits").
             The game lasted 00:18:43 (5177 turns).

equalderp2856 the Eviscerator (Felid Fighter)       Turns: 5177, Time: 00:18:44

Health: -1/51      AC:  2    Str: 13    XL:     11   Next: 1%
Magic:  14/14      EV: 33    Int: 10    God:    Gozag
Gold:   2415       SH:  0    Dex: 18    Spells: 10/10 levels left
                                        Lives:  0   Deaths: 2

rFire    . . .     SeeInvis +     - Unarmed
rCold    . . .     Gourm    .   (shield unavailable)
rNeg     . . .     Faith    .   (armour unavailable)
rPois    .         Spirit   .   (helmet unavailable)
rElec    .         Reflect  .   (cloak unavailable)
rCorr    .         Harm     .   (gloves unavailable)
MR       +....     NoTele   +   (boots unavailable)
Stlth    ++++++++..             (no amulet)
Regen    0.2/turn               (no ring)
MPRegen  0.2/turn               (no ring)

@: gold aura, quick
A: no armour, no weapons or thrown items, stealth, claws 1, fangs 3, see
invisible, carnivore 3, speed 1, shaggy fur 2, slow metabolism 1, sharp paws
a: Potion Petition, Call Merchant, Bribe Branch, Renounce Religion


You were in the Dungeon.
You worshipped Gozag.
Gozag was most pleased with you.
You were not hungry.

You visited 1 branch You collected 8415 gold pieces.
You paid 6000 gold pieces to Gozag.

Inventory:

Jewellery
 n - a +3 ring of evasion
 o - a +3 ring of dexterity
 E - the amulet of Xom's Amusement {Spirit Int+7}
   (You found it in the Dungeon)

   [amulet of guardian spirit]

   It causes incoming damage to be split between your health and magic.
   It affects your intelligence (+7).
 F - the amulet of Vizush {Spirit rPois MR+}
   (You found it in the Dungeon)

   [amulet of guardian spirit]

   It causes incoming damage to be split between your health and magic.
   It protects you from poison.
   It affects your resistance to hostile enchantments.
 G - the amulet "Retosh" {Faith rF+}
   (You found it in the Dungeon)

   [amulet of faith]

   It allows you to gain divine favour quickly.
   It protects you from fire.
 H - the amulet of Rashruusu {Spirit rPois Str+4 Int+2}
   (You found it in the Dungeon)

   [amulet of guardian spirit]

   It causes incoming damage to be split between your health and magic.
   It affects your strength (+4).
   It affects your intelligence (+2).
   It protects you from poison.
 I - the ring "Birewn" {rF+ MP+9 Int+3}
   (You found it in the Dungeon)

   [ring of intelligence]

   It affects your intelligence (+3).
   It protects you from fire.
   It affects your magic capacity (+9).
 J - the ring of Suspicion {rElec rC- Str+6 Slay+5 Stlth+}
   (You found it in the Dungeon)

   [ring of slaying]

   It affects your strength (+6).
   It affects your accuracy and damage with ranged weapons and melee attacks
   (+5).
   It makes you vulnerable to cold.
   It insulates you from electricity.
   It makes you more stealthy.
 K - the amulet of Relativism {Faith Str+3}
   (You found it in the Dungeon)

   [amulet of faith]

   It allows you to gain divine favour quickly.
   It affects your strength (+3).
 L - the ring "Achyess" {+Blink rN+ MP+9 Slay+2}
   (You found it in the Dungeon)

   [ring of positive energy]

   It affects your accuracy and damage with ranged weapons and melee attacks
   (+2).
   It protects you from negative energy.
   It affects your magic capacity (+9).
   It lets you blink.
 M - the ring "Fovyrgh" {rC+ MR+ Int+3}
   (You found it in the Dungeon)

   [ring of protection from magic]

   It affects your intelligence (+3).
   It protects you from cold.
   It affects your resistance to hostile enchantments.
 N - the ring "Ruoraz" {rN+ Stlth+}
   (You found it in the Dungeon)

   [ring of positive energy]

   It protects you from negative energy.
   It makes you more stealthy.
 O - the ring "Nihac" {Wiz rElec rF+ Dex+2}
   (You found it in the Dungeon)

   [ring of wizardry]

   It improves your spell success rate.
   It affects your dexterity (+2).
   It protects you from fire.
   It insulates you from electricity.
 P - the ring "Aduxkor" {+Fly rElec rPois EV+6 Int+5}
   (You found it in the Dungeon)

   [ring of evasion]

   It affects your evasion (+6).
   It affects your intelligence (+5).
   It insulates you from electricity.
   It protects you from poison.
   It lets you fly.
 R - the ring of Creativity {MP+9 EV+3 Int+5}
   (You found it in the Dungeon)

   [ring of evasion]

   It affects your evasion (+3).
   It affects your intelligence (+5).
   It affects your magic capacity (+9).
Wands
 d - a wand of random effects (14/48)
Scrolls
 j - 3 scrolls of remove curse
 k - 5 scrolls of amnesia
 l - a scroll of summoning
Potions
 a - 2 potions of heal wounds
 c - 2 potions of curing
 e - 2 potions of haste
 f - 4 potions of magic
 g - 2 potions of berserk rage
 i - 2 potions of invisibility
 m - a potion of agility
 p - a potion of might
 q - 4 potions of resistance
Books
 h - Covemyc's Handbook of Transmutation and Conjuration
   (You found it in the Dungeon)

   Spells                             Type                      Level
   a - Shock                          Conjuration/Air              1
   b - Throw Flame                    Conjuration/Fire             2
   c - Spider Form                    Transmutation/Poison         3
   d - Iskenderun's Mystic Blast      Conjuration                  4
   e - Fulminant Prism                Conjuration/Hexes            4
   f - Iron Shot                      Conjuration/Earth            6
 r - a book of Flames

   Spells                             Type                      Level
   a - Flame Tongue                   Conjuration/Fire             1
   b - Throw Flame                    Conjuration/Fire             2
   c - Conjure Flame                  Conjuration/Fire             3
   d - Inner Flame                    Hexes/Fire                   3
   e - Sticky Flame                   Conjuration/Fire             4
   f - Fireball                       Conjuration/Fire             5
 s - a Fen Folio

   Spells                             Type                      Level
   a - Corpse Rot                     Necromancy                   2
   b - Stone Arrow                    Conjuration/Earth            3
   c - Leda's Liquefaction            Hexes/Earth                  4
   d - Summon Forest                  Summoning/Translocation      5
   e - Hydra Form                     Transmutation                6
   f - Summon Hydra                   Summoning                    7
 t - Sif Muna's Compendium of Curses
   (You found it in the Dungeon)

   Spells                             Type                      Level
   a - Dazzling Spray                 Conjuration/Hexes            3
   b - Portal Projectile              Hexes/Translocation          3
 u - a Fen Folio

   Spells                             Type                      Level
   a - Corpse Rot                     Necromancy                   2
   b - Stone Arrow                    Conjuration/Earth            3
   c - Leda's Liquefaction            Hexes/Earth                  4
   d - Summon Forest                  Summoning/Translocation      5
   e - Hydra Form                     Transmutation                6
   f - Summon Hydra                   Summoning                    7
 v - a book of Flames

   Spells                             Type                      Level
   a - Flame Tongue                   Conjuration/Fire             1
   b - Throw Flame                    Conjuration/Fire             2
   c - Conjure Flame                  Conjuration/Fire             3
   d - Inner Flame                    Hexes/Fire                   3
   e - Sticky Flame                   Conjuration/Fire             4
   f - Fireball                       Conjuration/Fire             5
 w - the Incunabulum of Destructive Black Rituals
   (You found it in the Dungeon)

   Spells                             Type                      Level
   a - Force Lance                    Conjuration/Translocation    4
   b - Animate Dead                   Necromancy                   4
   c - Bolt of Cold                   Conjuration/Ice              6
   d - Bolt of Fire                   Conjuration/Fire             6
 x - the Handbook of Hexes and Poisoning
   (You found it in the Dungeon)

   Spells                             Type                      Level
   a - Sting                          Conjuration/Poison           1
   b - Dazzling Spray                 Conjuration/Hexes            3
   c - Ignite Poison                  Fire/Transmutation/Poison    3
   d - Spider Form                    Transmutation/Poison         3
   e - Fulminant Prism                Conjuration/Hexes            4
 y - the Incunabulum of the Blaze and Lightness
   (You found it in the Dungeon)

   Spells                             Type                      Level
   a - Flame Tongue                   Conjuration/Fire             1
   b - Static Discharge               Conjuration/Air              3
   c - Bolt of Magma                  Conjuration/Fire/Earth       5
   d - Silence                        Hexes/Air                    5
   e - Bolt of Fire                   Conjuration/Fire             6
 z - a book of the Earth

   Spells                             Type                      Level
   a - Leda's Liquefaction            Hexes/Earth                  4
   b - Bolt of Magma                  Conjuration/Fire/Earth       5
   c - Statue Form                    Transmutation/Earth          6
   d - Iron Shot                      Conjuration/Earth            6
   e - Shatter                        Earth                        9
 A - Udiodit's Handbook of Evil and Stones
   (You found it in the Dungeon)

   Spells                             Type                      Level
   a - Animate Skeleton               Necromancy                   1
   b - Leda's Liquefaction            Hexes/Earth                  4
   c - Animate Dead                   Necromancy                   4
   d - Excruciating Wounds            Charms/Necromancy            5
 B - a book of Spatial Translocations

   Spells                             Type                      Level
   a - Blink                          Translocation                2
   b - Shroud of Golubria             Charms/Translocation         2
   c - Lesser Beckoning               Translocation                3
   d - Gell's Gravitas                Translocation                3
   e - Teleport Other                 Translocation                3
   f - Passage of Golubria            Translocation                4
 C - a book of Misfortune

   Spells                             Type                      Level
   a - Confusing Touch                Hexes                        1
   b - Confuse                        Hexes                        3
   c - Gell's Gravitas                Translocation                3
   d - Petrify                        Transmutation/Earth          4
   e - Metabolic Englaciation         Hexes/Ice                    5
   f - Yara's Violent Unravelling     Hexes/Transmutation          5
 D - a book of Enchantments

   Spells                             Type                      Level
   a - Cause Fear                     Hexes                        4
   b - Yara's Violent Unravelling     Hexes/Transmutation          5
   c - Silence                        Hexes/Air                    5
   d - Deflect Missiles               Charms/Air                   6
   e - Discord                        Hexes                        8
 S - the Volume of Freezing Confrontation
   (You found it in the Dungeon)

   Spells                             Type                      Level
   a - Shock                          Conjuration/Air              1
   b - Flame Tongue                   Conjuration/Fire             1
   c - Stone Arrow                    Conjuration/Earth            3
   d - Static Discharge               Conjuration/Air              3
   e - Summon Ice Beast               Ice/Summoning                4
Comestibles
 b - 9 meat rations
 Q - 6 royal jellies


   Skills:
 + Level 7.8 Fighting
 + Level 16.7 Dodging
 + Level 20.5 Stealth
 + Level 22.3 Unarmed Combat
 + Level 3.7 Evocations


You had 10 spell levels left.
You didn't know any spells.

Dungeon Overview and Level Annotations

Branches:
Dungeon (1/1)

Altars:
Ashenzari
Cheibriados
Dithmenos
Elyvilon
Fedhas
Gozag
Hepliaklqana
Kikubaaqudgha
Makhleb
Nemelex Xobeh
Okawaru
Qazlal
Ru
Sif Muna
Trog
Uskayaw
Vehumet
Xom
Yredelemnul
Zin
The Shining One
Beogh
Jiyva
Lugonu


Innate Abilities, Weirdness & Mutations

You cannot wear armour.
You are incapable of wielding weapons or throwing items.
Your paws allow you to move quietly. (Stealth)
You have sharp claws.
You have razor-sharp teeth.
You have supernaturally acute eyesight. (SInv)
You are carnivorous and can eat meat at any time.
You cover ground quickly.
You are covered in thick fur. (AC +2)
You have a slow metabolism.
Your sharp claws are effective at attacking unaware monsters.


Message History

The lich completely misses something.
The fire giant misses something.
The hell knight is distracted by the nearby gold.
Unknown command.
The hell knight hits something with a scimitar of draining!!!
The fire giant misses something.
The cacodemon hits something!
Welcome back to level 11!
You feel a bit more experienced.
The hell knight simulacrum misses something.
The hell hog breathes fire at you.
The fireball explodes!
The fireball engulfs you!
Ouch! That really hurt!
* * * LOW HITPOINT WARNING * * *
There is a huge open gate to a Minivault (Hard) here.
You feel much better.
The fire giant barely misses something.
There is a huge open gate to a Minivault (Hard) here.
The hell hog breathes fire at you.
The fireball explodes!
The fireball engulfs you!
Ouch! That really hurt!
You die...
Your body crumbles into a pile of gold.

#.#R# #..##........p$p)..).. #n#
#M# #..##......$pCZe$..c.n i# #)#
#..####''####L*####### # #Y#
#..####''####''####### #@#
#..##......##..$......
############..##.#'##.##.........
...........$..##h#%.+.##.)#######
..............##.+).# ##..#
###++###########@#"|+ #..#
###++###########.'..# ##..#
......$...##..##.##'#.##..#
#..#......##..##......##..#
..........''..##########..#
..........''..##########..#
#..#......##..............#
..........##..............#
###''######################


You could see a hell hog.

Vanquished Creatures
  An electric golem (D)
  A nagaraja (D)
  A ghost moth (D)
  A deep elf high priest (D)
  A shadow wraith (D)
  A sixfirhy (D)
  An unseen horror (D)
  A deep troll (D)
  A wizard (D)
  A black mamba (D)
  Psyche (D)
  An orange demon (D)
  An eye of devastation (D)
  A gargoyle (D)
  A molten gargoyle (D)
  A kobold demonologist (D)
  2 demonic crawlers (D)
  2 rime drakes (D)
  An efreet (D)
  An ice devil (D)
  A wandering mushroom (D)
  A tyrant leech (D)
  A merfolk (D)
  A hornet (D)
  Prince Ribbit (D)
  6 slime creatures (D)
  4 blink frogs (D)
  A snapping turtle (D)
  A redback (D)
  A tarantella (D)
  A wyvern (D)
  A small abomination (D)
  A swamp drake (D)
  A sky beast (D)
  A black bear (D)
  A phantom (D)
  4 wolves (D)
  2 orc priests (D)
  A hound (D)
  Ijyb (D)
  2 orc wizards (D)
  2 worker ants (D)
  2 gnolls (D)
  A river rat (D)
  A white imp (D)
  2 ufetubi (D)
  An ooze (D)
  An adder zombie (D)
  2 leopard geckos (D)
  2 orcs (D)
  A giant cockroach (D)
  5 jackals (D)
  2 kobolds (D)
  A quokka (D)
  A bat (D)
  A frilled lizard (D)
  A jackal zombie (D)
82 creatures vanquished.

Vanquished Creatures (collateral kills)
  A nagaraja (D)
  A fire giant (D)
  An ophan (D)
  A fire dragon (D)
  A hell beast (D)
  A naga warrior (D)
  A death knight (D)
  2 hell hogs (D)
  An orc sorcerer (D)
  A red devil (D)
  A komodo dragon (D)
  An ice devil (D)
  A dream sheep (D)
  A tarantella (D)
  A redback (D)
  2 nagas (D)
  2 wolves (D)
  A bullfrog (D)
  An orc priest (D)
  An orc wizard (D)
  2 orcs (D)
  A bat zombie (D)
  2 bat simulacra (D)
  A quokka simulacrum (D)
29 creatures vanquished.

Vanquished Creatures (others)
  An orb of fire (D)
  An ancient lich (D)
  Boris (D)
  A pandemonium lord (D)
  A Tzitzimitl (D)
  A lich (D)
  A tentacled monstrosity (D)
  An Ice Fiend (D)
  An acid blob (D)
  2 sphinxes (D)
  A daeva (D)
  3 nagarajas (D)
  A storm dragon (D)
  A draconian monk (D)
  Nessos (D)
  A fire giant (D)
  A draconian scorcher (D)
  A deep elf sorcerer (D)
  Aizul (D)
  A ghoul (D)
  A reaper (D)
  A stone giant (D)
  A deep elf demonologist (D)
  A lorocyproca (D)
  A purple draconian (D)
  A dire elephant (D)
  2 black draconians (D)
  3 deep elf death magi (D)
  3 ogre magi (D)
  A hell beast (D)
  A rakshasa (D)
  A death knight (D)
  Erica (D)
  An alligator snapping turtle (D)
  A catoblepas (D)
  A dancing weapon (D)
  An iron troll (D)
  8 hell knights (D)
  A sea snake (D)
  A cherub (D)
  6 necromancers (D)
  3 deep elf magi (D)
  An orc knight (D)
  2 orc sorcerers (D)
  A naga mage (D)
  An eye of devastation (D)
  An ice devil (D)
  2 trolls (D)
  A jumping spider (D)
  2 slime creatures (D)
  2 bog bodies (D)
  A dream sheep (shapeshifter) (D)
  An ogre (D)
  A spriggan (D)
  A neqoxec (D)
  2 nagas (D)
  3 orc warriors (D)
  2 necrophages (D)
  An orc wizard (D)
  5 orc priests (D)
  8 orcs (D)
  A bat simulacrum (D)
103 creatures vanquished.

Grand Total: 214 creatures vanquished

Notes
Turn   | Place    | Note
-------+----------+-------------------------------------------
     0 | D        | equalderp2856 the Felid Fighter began the quest for the Orb.
     0 | D        | Reached XP level 1. HP: 10/10 MP: 2/2
   115 | D        | Found a bloodstained altar of Trog.
   115 | D        | Found a deep blue altar of Sif Muna.
   115 | D        | Found a viscous altar of Jiyva.
   115 | D        | Found a hazy altar of Hepliaklqana.
   115 | D        | Found an opulent altar of Gozag.
   116 | D        | Found a glowing golden altar of the Shining One.
   116 | D        | Found a glowing silver altar of Zin.
   116 | D        | Found a basalt altar of Yredelemnul.
   116 | D        | Found a shimmering altar of Xom.
   116 | D        | Found a sacrificial altar of Ru.
   116 | D        | Found a stormy altar of Qazlal.
   116 | D        | Found an iron altar of Okawaru.
   116 | D        | Found a sparkling altar of Nemelex Xobeh.
   116 | D        | Found a burning altar of Makhleb.
   116 | D        | Found a blossoming altar of Fedhas.
   116 | D        | Found a white marble altar of Elyvilon.
   116 | D        | Found a shadowy altar of Dithmenos.
   116 | D        | Found a snail-covered altar of Cheibriados.
   119 | D        | Found a corrupted altar of Lugonu.
   119 | D        | Found a radiant altar of Vehumet.
   119 | D        | Found a roughly hewn altar of Beogh.
   120 | D        | Found an ancient bone altar of Kikubaaqudgha.
   120 | D        | Found a hide-covered altar of Uskayaw.
   120 | D        | Found a shattered altar of Ashenzari.
   123 | D        | Became a worshipper of Gozag Ym Sagoz the Greedy
   148 | D        | Reached skill level 5 in Unarmed Combat
   148 | D        | Reached XP level 2. HP: 14/14 MP: 3/3
   420 | D        | Noticed a wolf
   435 | D        | Killed a wolf
   435 | D        | Reached skill level 8 in Unarmed Combat
   435 | D        | Reached XP level 3. HP: 7/19 MP: 4/4
   435 | D        | Reached XP level 4. HP: 9/22 MP: 5/5
   465 | D        | Reached skill level 5 in Fighting
   708 | D        | Noticed Ijyb
   725 | D        | Reached XP level 5. HP: 17/26 MP: 6/6
   734 | D        | Reached skill level 1 in Stealth
   734 | D        | Reached skill level 9 in Unarmed Combat
   745 | D        | Killed Ijyb
   883 | D        | Noticed Prince Ribbit
   889 | D        | Reached skill level 10 in Unarmed Combat
   893 | D        | Killed Prince Ribbit
   893 | D        | Reached skill level 5 in Stealth
   893 | D        | Reached skill level 11 in Unarmed Combat
   893 | D        | Gained mutation: You are covered in thick fur. (AC +2) [Felid growth]
   893 | D        | Reached XP level 6. HP: 31/31 MP: 7/7
   908 | D        | Noticed a tarantella
   944 | D        | Killed a tarantella
   944 | D        | Reached skill level 12 in Unarmed Combat
   944 | D        | Reached XP level 7. HP: 23/35 MP: 8/8
   948 | D        | Reached skill level 10 in Dodging
  1109 | D        | Noticed a kobold demonologist
  1114 | D        | Killed a kobold demonologist
  1114 | D        | Reached skill level 13 in Unarmed Combat
  1125 | D        | Noticed Psyche
  1140 | D        | Killed Psyche
  1140 | D        | Reached skill level 14 in Unarmed Combat
  1140 | D        | Reached XP level 8. HP: 39/39 MP: 9/9
  1241 | D        | Noticed an orange demon
  1275 | D        | Reached skill level 10 in Stealth
  1645 | D        | Killed an orange demon
  1695 | D        | Noticed a demonic crawler
  1695 | D        | Noticed a nagaraja
  1697 | D        | Killed a demonic crawler
  1701 | D        | Killed a nagaraja
  1701 | D        | Reached skill level 16 in Unarmed Combat
  1701 | D        | Reached XP level 9. HP: 43/43 MP: 10/10
  1727 | D        | Noticed a shadow wraith
  1803 | D        | Killed a shadow wraith
  1806 | D        | HP: 2/43 [swamp drake (12)]
  1810 | D        | Reached XP level 10. HP: 44/47 MP: 11/11
  1859 | D        | Noticed a molten gargoyle
  1863 | D        | Killed a molten gargoyle
  1863 | D        | Reached skill level 17 in Unarmed Combat
  1883 | D        | Noticed a gargoyle
  2055 | D        | Noticed an unseen horror
  2081 | D        | Killed an unseen horror
  2081 | D        | Reached skill level 15 in Stealth
  2846 | D        | Noticed an eye of devastation
  2866 | D        | Noticed a black mamba
  2867 | D        | Noticed a sea snake
  2867 | D        | Noticed a sixfirhy
  2869 | D        | Killed an eye of devastation
  2869 | D        | Reached skill level 18 in Unarmed Combat
  2871 | D        | Killed a sixfirhy
  2871 | D        | Reached skill level 1 in Evocations
  2883 | D        | Killed a black mamba
  3103 | D        | Noticed an orc knight
  3104 | D        | Killed a gargoyle
  3109 | D        | Noticed a deep troll
  3117 | D        | Reached XP level 11. HP: 50/50 MP: 13/13
  3151 | D        | Killed a deep troll
  3157 | D        | Reached skill level 19 in Unarmed Combat
  3162 | D        | Reached skill level 15 in Dodging
  3429 | D        | Noticed Aizul
  3440 | D        | Your ally died
  4310 | D        | Noticed a wizard
  4370 | D        | Noticed a catoblepas
  4370 | D        | Noticed a nagaraja
  4371 | D        | Noticed Nessos
  4371 | D        | Noticed a deep elf mage
  4374 | D        | Noticed an ophan
  4377 | D        | Killed a catoblepas
  4391 | D        | Killed from afar by an ophan
  4392 | D        | Reached XP level 10. HP: -8/47 MP: 13/13
  4400 | D        | Killed a wizard
  4400 | D        | Reached skill level 20 in Unarmed Combat
  4406 | D        | Killed Nessos
  4409 | D        | Killed an eye of devastation
  4409 | D        | Killed an acid blob
  4428 | D        | Noticed an orc sorcerer
  4437 | D        | Killed a nagaraja
  4448 | D        | Killed a deep elf mage
  4455 | D        | Noticed a rakshasa
  4466 | D        | Killed an orc sorcerer
  4512 | D        | Noticed a deep elf mage
  4553 | D        | Noticed a cherub
  4553 | D        | Noticed a white draconian monk
  4553 | D        | Noticed a daeva
  4554 | D        | Noticed a nagaraja
  4554 | D        | Noticed Boris
  4555 | D        | Noticed an ancient lich
  4556 | D        | Noticed a deep elf demonologist
  4557 | D        | Noticed a sphinx
  4557 | D        | Noticed a nagaraja
  4557 | D        | Killed a nagaraja
  4557 | D        | Reached XP level 11. HP: 48/50 MP: 14/14
  4559 | D        | Noticed a nagaraja
  4560 | D        | Noticed a deep elf death mage
  4560 | D        | Noticed a lich
  4560 | D        | Noticed a hell knight
  4560 | D        | Noticed a hell knight
  4561 | D        | Noticed a deep elf high priest
  4564 | D        | Noticed an ogre mage
  4566 | D        | Killed a nagaraja
  4566 | D        | Killed an ogre mage
  4568 | D        | Killed an ogre mage
  4571 | D        | Killed a deep elf death mage
  4573 | D        | Killed a sphinx
  4573 | D        | Killed a necromancer
  4575 | D        | Killed a deep elf high priest
  4575 | D        | Killed a hell knight
  4578 | D        | Killed a ghostly ogre mage
  4578 | D        | Killed a necromancer
  4580 | D        | Killed an ogre mage
  4581 | D        | Killed a yellow draconian scorcher
  4581 | D        | Killed a hell knight
  4582 | D        | Killed a nagaraja
  4582 | D        | Killed a hell knight
  4582 | D        | Killed a hell knight
  4582 | D        | Killed an ancient lich
  4585 | D        | Killed a deep elf sorcerer
  4586 | D        | Killed a deep elf demonologist
  4587 | D        | Killed a ghostly deep elf death mage
  4590 | D        | Killed an iron troll
  4591 | D        | Killed a cherub
  4595 | D        | Noticed a black draconian
  4595 | D        | Killed a black draconian
  4598 | D        | Noticed a ghostly necromancer
  4598 | D        | Killed a storm dragon
  4601 | D        | Noticed a hell knight
  4602 | D        | Killed a lich
  4604 | D        | Killed a ghostly necromancer
  4604 | D        | Killed a hell knight
  4632 | D        | Noticed a fire giant
  4680 | D        | Identified Covemyc's Handbook of Transmutation and Conjuration (You found it in the Dungeon)
  4686 | D        | Identified Sif Muna's Compendium of Curses (You found it in the Dungeon)
  4692 | D        | Identified the Incunabulum of Destructive Black Rituals (You found it in the Dungeon)
  4694 | D        | Identified the Handbook of Hexes and Poisoning (You found it in the Dungeon)
  4696 | D        | Identified the Incunabulum of the Blaze and Lightness (You found it in the Dungeon)
  4700 | D        | Identified Udiodit's Handbook of Evil and Stones (You found it in the Dungeon)
  4708 | D        | Killed a hell knight
  4740 | D        | Got the amulet of Xom's Amusement {Spirit Int+7}
  4742 | D        | Got the amulet of Vizush {Spirit rPois MR+}
  4744 | D        | Got the amulet "Retosh" {Faith rF+}
  4749 | D        | Got the amulet of Rashruusu {Spirit rPois Str+4 Int+2}
  4751 | D        | Got the ring "Birewn" {rF+ MP+9 Int+3}
  4753 | D        | Got the ring of Suspicion {rElec rC- Str+6 Slay+5 Stlth+}
  4755 | D        | Got the amulet of Relativism {Faith Str+3}
  4757 | D        | Got the ring "Achyess" {+Blink rN+ MP+9 Slay+2}
  4759 | D        | Got the ring "Fovyrgh" {rC+ MR+ Int+3}
  4761 | D        | Got the ring "Ruoraz" {rN+ Stlth+}
  4767 | D        | Got the ring "Nihac" {Wiz rElec rF+ Dex+2}
  4769 | D        | Got the ring "Aduxkor" {+Fly rElec rPois EV+6 Int+5}
  4816 | D        | Noticed an electric golem
  4819 | D        | Killed an electric golem
  4819 | D        | Reached skill level 21 in Unarmed Combat
  4822 | D        | Noticed a ghost moth
  4824 | D        | Killed a ghost moth
  4827 | D        | Noticed Ipedelo the pandemonium lord
  4882 | D        | Noticed a naga warrior
  4882 | D        | Noticed a hell beast
  4885 | D        | Killed a hell beast
  4900 | D        | Got the ring of Creativity {MP+9 EV+3 Int+5}
  4907 | D        | Identified the Volume of Freezing Confrontation (You found it in the Dungeon)
  4945 | D        | Noticed a death knight
  4945 | D        | Noticed a deep elf mage
  4962 | D        | Noticed an Ice Fiend
  4962 | D        | Noticed a fire giant
  4964 | D        | Noticed a hell beast
  4967 | D        | Killed an ophan
  4967 | D        | Reached skill level 22 in Unarmed Combat
  4967 | D        | Killed a hell hog
  4968 | D        | Killed a death knight
  4992 | D        | Noticed a hell hog
  4995 | D        | Killed a hell beast
  4997 | D        | Noticed a fire giant
  5000 | D        | Killed a hell hog
  5001 | D        | Noticed a deep elf death mage
  5001 | D        | Noticed an alligator snapping turtle
  5002 | D        | Noticed a hell hog
  5002 | D        | Killed a necromancer
  5003 | D        | Noticed a hell hog
  5003 | D        | Noticed a black draconian
  5005 | D        | Killed a deep elf mage
  5019 | D        | Noticed a fire dragon
  5020 | D        | Noticed a necromancer
  5020 | D        | Noticed a hell knight
  5020 | D        | Noticed a necromancer
  5020 | D        | Noticed a reaper
  5021 | D        | Killed a necromancer
  5022 | D        | Killed a necromancer
  5026 | D        | Killed a hell knight
  5032 | D        | Killed a fire dragon
  5046 | D        | Killed a sea snake
  5057 | D        | Noticed an alligator snapping turtle
  5057 | D        | Noticed a purple draconian
  5057 | D        | Noticed a mummy priest
  5057 | D        | Noticed Erica
  5063 | D        | Killed Erica
  5069 | D        | Killed a stone giant
  5073 | D        | Killed a sphinx
  5074 | D        | Killed a black draconian
  5076 | D        | Killed a death knight
  5077 | D        | Noticed a Brimstone Fiend
  5081 | D        | Killed a dire elephant
  5086 | D        | Killed an orc sorcerer
  5086 | D        | Killed an orc sorcerer
  5091 | D        | Noticed a Brimstone Fiend
  5096 | D        | Killed Ipedelo the pandemonium lord
  5103 | D        | Killed a ghoul
  5105 | D        | Your ally died
  5117 | D        | Killed a purple draconian
  5123 | D        | Killed a daeva
  5126 | D        | Noticed a necromancer
  5127 | D        | Noticed a hell knight
  5127 | D        | Noticed a hell knight
  5128 | D        | Noticed a lich
  5128 | D        | Noticed a hell knight
  5131 | D        | Noticed a war axe of chopping
  5131 | D        | Noticed a hell knight
  5132 | D        | Noticed a lorocyproca
  5132 | D        | Noticed a Tzitzimitl
  5140 | D        | Noticed an orb of fire
  5142 | D        | Killed a war axe of chopping
  5145 | D        | Killed a hell knight
  5146 | D        | Killed from afar by an orb of fire
  5147 | D        | Reached XP level 10. HP: -43/48 MP: 13/13
  5151 | D        | Killed an alligator snapping turtle
  5157 | D        | Noticed a cacodemon
  5160 | D        | Killed a lorocyproca
  5161 | D        | Noticed a deep elf death mage
  5161 | D        | Killed a necromancer
  5167 | D        | Killed a deep elf death mage
  5168 | D        | Killed a deep elf death mage
  5170 | D        | Killed a tentacled monstrosity
  5170 | D        | Reached XP level 11. HP: 51/51 MP: 14/14
  5177 | D        | Killed from afar by a hell hog

Skill      XL: |  1  2  3  4  5  6  7  8  9 10 11 |
---------------+----------------------------------+-----
Unarmed Combat | 5 8 11 12 14 16 20 22 | 22.3
Fighting       | 4 5 6 7 |  7.8
Dodging        | 6 7 9 11 12 13 14 16 | 16.7
Stealth        | 5 7 9 13 14 18 20 | 20.5
Evocations     | 1 3 |  3.7

Action                   |  1- 3 |  4- 6 |  7- 9 | 10-12 || total
-------------------------+-------+-------+-------+-------++-------
Melee: Unarmed           |    20 |    57 |    56 |   164 ||   297
       Bite              |     3 |     4 |     4 |    21 ||    32
       Punch             |       |     2 |     7 |    22 ||    31
Invok: Bribe Branch      |       |       |       |     2 ||     2
Evoke: Wand              |       |       |       |     6 ||     6
  Use: Potion            |     3 |     2 |     3 |     6 ||    14
       Scroll            |       |       |       |     1 ||     1
 Stab: Sleeping          |       |     2 |     4 |    12 ||    18
       Distracted        |       |     2 |       |     3 ||     5
       Paralysed         |       |       |       |     1 ||     1
  Eat: Meat ration       |       |       |       |     1 ||     1
Armor: Skin              |     3 |     2 |     3 |     1 ||     9
Dodge: Dodged            |    26 |    39 |    63 |   141 ||   269
